Map: Ephemeron LE

Players

MaNa

  • Race: Protoss Protoss
  • Spawn Location: 5:00

Lambo - Winner!

  • Race: Zerg Zerg
  • Spawn Location: 11:00

VOD

Have the link to the VOD?

Description

Time

  • Played on: Sept. 6, 2019, 9:52 p.m.
  • Length: 9:25
Show
View Real Time Build Order
Export as new Build Order

MaNa Protoss 

Build Orders:  

Get SALT Encoding   

  12  0:00  Probe  
  13  0:12  Probe  
  14  0:17  Pylon  
  14  0:24  Probe  
  15  0:35  Gateway  
  15  0:38  Probe  
  16  0:50  Forge  
  16  0:54  Probe  
  17  1:01  Assimilator  
  17  1:06  Probe  
  18  1:18  Pylon  
  18  1:25  Cybernetics Core  
  19  1:36  Photon Cannon  
  18  1:47  Pylon  
  18  1:59  Pylon  
  18  2:06  Probe  
  18  2:18  Probe  
  19  2:24  Assimilator  
  19  2:29  Robotics Facility  
  19  2:31  Probe  
  20  2:41  Stalker  
  20  2:43  Probe  
  22  2:55  Probe  
  23  3:04  Immortal  
  23  3:05  Pylon  
  23  3:07  Probe  
  28  3:31  Robotics Facility  
  28  3:47  Warp Gate  
  30  3:51  Robotics Facility  
  30  3:52  Probe  
  29  4:04  Probe  
  30  4:15  Pylon  
  30  4:22  Pylon  
  30  4:30  Warp Prism  
  30  4:31  Immortal  
  30  4:42  Probe  
  30  4:43  Pylon  
  37  5:06  Observer  
  38  5:08  Nexus  
  38  5:25  Immortal  
  38  5:28  Probe  
  43  5:37  Sentry  
  45  5:56  Pylon  
  45  6:05  Pylon  
  45  6:14  Immortal  
  45  6:16  Immortal  
  53  6:23  Probe x2  
  55  6:25  Sentry  
  57  6:38  Probe x2  
  59  6:54  Immortal, Probe  
  63  6:55  Probe  
  65  7:01  Sentry  
  65  7:04  Immortal  
  67  7:09  Probe  
  67  7:10  Probe  
  73  7:18  Gateway  
  73  7:26  Sentry  
  75  7:33  Gateway  
  75  7:34  Gateway  
  75  7:39  Gateway  
  75  7:55  Stalker  
  77  8:04  Pylon  
  77  8:06  Pylon  
  77  8:07  Pylon  
  77  8:18  Shield Battery  
  76  8:23  Stalker  
  78  8:27  Adept  
  78  8:29  Adept x2  
  84  8:35  Assimilator  
  52  9:10  Probe x2  
  52  9:13  Assimilator  
Show
View Real Time Build Order
Export as new Build Order

Lambo Zerg - Winner!

Build Orders: Hatch First, Ravager All-In 

Get SALT Encoding   

  12  0:00  Drone  
  13  0:13  Overlord  
  13  0:17  Drone  
  14  0:31  Drone x2  
  16  0:49  Hatchery  
  15  0:53  Drone  
  15  0:56  Drone  
  17  1:00  Drone  
  18  1:10  Extractor  
  17  1:16  Spawning Pool  
  17  1:17  Drone  
  17  1:21  Drone  
  18  1:30  Drone  
  19  1:49  Extractor  
  18  1:56  Drone x2  
  21  2:02  Drone  
  21  2:17  Zergling x2  
  22  2:27  Roach Warren  
  21  2:33  Zergling x2  
  21  2:34  Extractor  
  21  2:37  Drone  
  21  2:39  Drone  
  23  2:55  Overlord  
  23  3:02  Queen  
  25  3:08  Roach  
  27  3:13  Roach  
  27  3:14  Roach  
  27  3:17  Roach  
  33  3:24  Overlord  
  33  3:37  Overlord  
  33  3:43  Roach  
  35  3:57  Ravager x3  
  35  3:58  Ravager  
  35  4:02  Drone x3  
  42  4:03  Roach  
  42  4:10  Ravager  
  42  4:15  Overlord  
  43  4:26  Metabolic Boost  
  43  4:33  Queen  
  43  4:35  Drone x2  
  43  4:36  Drone  
  43  4:37  Ravager  
  49  4:43  Drone x2  
  51  4:47  Pneumatized Carapace  
  51  4:53  Overlord  
  51  4:58  Overlord  
  51  5:07  Overlord  
  51  5:12  Drone x4  
  55  5:16  Drone x3  
  55  5:18  Drone  
  59  5:22  Drone  
  59  5:23  Drone  
  61  5:32  Queen  
  61  5:35  Overlord, Drone  
  64  5:41  Zergling x6  
  67  5:44  Zergling x2  
  67  5:48  Overlord  
  67  5:49  Zergling x2  
  69  5:54  Zergling x4  
  69  5:56  Lair  
  71  5:58  Drone  
  71  5:59  Extractor, Drone  
  71  6:01  Extractor  
  71  6:07  Zergling x4  
  71  6:19  Drone x4  
  71  6:25  Hatchery  
  73  6:27  Drone  
  73  6:28  Drone  
  76  6:36  Zergling x2, Hatchery  
  75  6:41  Zergling x8  
  75  6:46  Zergling x6  
  82  6:53  Drone x2  
  82  6:54  Evolution Chamber  
  83  6:59  Spire  
  82  7:03  Zergling x4  
  82  7:07  Hatchery  
  84  7:14  Overlord  
  84  7:16  Overlord  
  84  7:18  Overlord  
  84  7:20  Overlord  
  84  7:21  Overlord  
  84  7:26  Overlord  
  84  7:27  Overseer  
  84  7:30  Zerg Missile Weapons Level 1  
  84  7:32  Overlord  
  84  7:40  Drone  
  84  7:41  Drone  
  84  7:42  Overlord  
  85  7:44  Zergling x10  
  90  7:52  Roach  
  90  7:54  Roach  
  90  7:56  Roach x3  
  100  8:03  Roach  
  102  8:08  Roach  
  104  8:14  Roach x3  
  104  8:18  Ravager x4  
  114  8:21  Roach x2  
  114  8:24  Zergling x2  
  119  8:27  Overlord  
  119  8:28  Zergling x4  
  119  8:32  Overlord  
  120  8:38  Zergling x2  
  120  8:39  Zergling x6  
  120  8:43  Zergling x2  
  109  8:54  Mutalisk x5  
  114  9:22  Hatchery  
Tags
 
Add a new tag
Caveats
  • Supply blocks, unpowered buildings, or Contaminate may cause inaccurate times.
  • Supply counts are checked every 10 seconds.